 Dungeon Crawl Stone Soup version 0.30.1-4-g462c640d31 (webtiles) character file.

Game seed: 8064113829532078871

150354 LynnLen the Imperceptible (level 16, 0/84 HPs)
             Began as a Spriggan Enchanter on Aug 26, 2023.
             Was a High Priest of Dithmenos.
             Slain by a six-headed hydra (4 damage)
             ... called by a spriggan druid
             ... on level 4 of the Swamp on Aug 27, 2023.
             The game lasted 02:41:10 (45916 turns).

LynnLen the Imperceptible (Spriggan Enchanter)     Turns: 45916, Time: 02:41:12

Health: 0/84       AC:  8    Str:  4    XL:     16   Next: 98%
Magic:  19/34      EV: 26    Int: 25    God:    Dithmenos [*****.]
Gold:   1793       SH:  0    Dex: 15    Spells: 9/42 levels left

rFire   + . .        a - +4 dagger (vamp)
rCold   + . .        (no shield)
rNeg    . . .        c - +1 steam dragon scales
rPois   +            F - +2 hat
rElec   .            e - scarf {rC+ rF+}
rCorr   .            (gloves unavailable)
SInv    +            (boots unavailable)
Will    ++...        b - amulet of regeneration Stlth ****++++++
                     M - ring of wizardry
HPRegen 1.14/turn    P - ring of poison resistance
MPRegen 0.24/turn

%: wizardry (x1)
@: slowed, wreathed by umbra, quick
A: very small, no large weapons, unfitting armour, see invisible, speed 3,
antennae 1
a: Renounce Religion, Shadow Step, Shadow Form


You were on level 4 of the Swamp.
You worshipped Dithmenos.
Dithmenos was extremely pleased with you.
You visited 5 branches of the dungeon, and saw 27 of its levels.
You also visited: Bailey and Gauntlet.

You collected 2912 gold pieces.
You spent 1119 gold pieces at shops.

Inventory:

Hand Weapons
 a - a +4 vampiric dagger (weapon)
 E - the +8 trishula "Condemnation" {holy, anguish, *Noise Fly rN+}
   (You found it in a bailey)

   rN:        It protects you from negative energy.
   Fly:       It grants you flight.
   *Noise:    It may make noises in combat.
 V - the +9 sword of Zonguldrok {reap}
   (You found it on level 1 of the Orcish Mines)
Missiles
 f - 18 curare-tipped darts
Armour
 c - +1 steam dragon scales (worn)
 e - a scarf of resistance (worn)
 x - a +1 robe of positive energy
 D - a +1 cloak
 F - a +2 hat (worn)
 R - the +2 ratskin cloak {*Rats rPois rN+ Str-1 Int-1 Dex+1}
   (You found it on level 12 of the Dungeon)

   *Rats:     When the wearer is hurt, rats may emerge from it to assist them.
   Str:       It affects your strength (-1).
   Int:       It affects your intelligence (-1).
   Dex:       It affects your dexterity (+1).
   rPois:     It protects you from poison.
   rN:        It protects you from negative energy.
 S - a +2 robe of fire resistance
Jewellery
 b - an amulet of regeneration (around neck)
 g - a +6 ring of dexterity
 r - a ring of magical power
 I - a ring of ice
 K - a ring of resist corrosion
 M - a ring of wizardry (left hand)
 N - an amulet of faith
 P - a ring of poison resistance (right hand)
 U - a +6 ring of dexterity
Wands
 s - a wand of roots (42)
 z - a wand of paralysis (40)
 A - a wand of light (3)
 O - a wand of polymorph (5)
 W - a wand of flame (89)
 Y - a wand of digging (8)
Scrolls
 k - 3 scrolls of poison
 l - 6 scrolls of teleportation
 m - 4 scrolls of silence
 p - 2 scrolls of vulnerability
 t - 11 scrolls of identify
 w - 7 scrolls of immolation
 y - 4 scrolls of fear
 J - a scroll of blinking
 Q - 3 scrolls of amnesia
 T - a scroll of torment
Potions
 d - 10 potions of lignification
 h - 2 potions of cancellation
 i - 4 potions of mutation
 j - 2 potions of magic
 n - 3 potions of berserk rage
 o - 3 potions of might
 q - 8 potions of brilliance
 u - 3 potions of attraction
 v - 5 potions of flight
 B - 8 potions of curing
 C - 2 potions of ambrosia
 H - a potion of resistance
 L - a potion of haste
Miscellaneous
 G - a condenser vane
 X - a phantom mirror


   Skills:
 + Level 9.5 Fighting
 - Level 10.0(10.6) Short Blades
 + Level 4.3(6.5) Long Blades
 + Level 14.9 Dodging
 * Level 22.4 Stealth
 + Level 13.5 Spellcasting
 - Level 5.0 Conjurations
 * Level 12.4 Hexes
 - Level 7.0 Transmutations
 - Level 3.0 Ice Magic
 - Level 5.0 Earth Magic
 + Level 9.7 Invocations


You had 9 spell levels left.
You knew the following spells:

 Your Spells              Type           Power      Damage    Failure   Level
a - Ensorcelled Hibernat  Hex/Ice        100%       N/A       1%          2
b - Confusing Touch       Hex            68%        N/A       1%          3
c - Tukima's Dance        Hex            68%        N/A       1%          3
d - Stone Arrow           Conj/Erth      84%        3d12      1%          3
e - Enfeeble              Hex            34%        N/A       8%          7
f - Yara's Violent Unrav  Hex/Tmut       30%        3d13      1%          5
g - Iskenderun's Battles  Conj           41%        2d9       4%          5
h - Fireball              Conj/Fire      14%        3d8       14%         5

Your spell library contained the following spells:

 Spells                   Type           Power      Damage    Failure   Level
 Freeze                   Ice            100%       1d10      1%          1
 Necrotise                Necr           64%        1d7       1%          1
 Sandblast                Erth           84%        2d18      1%          1
 Sting                    Tmut/Pois      100%       1d8       1%          1
 Summon Small Mammal      Summ           64%        N/A       1%          1
 Passwall                 Tmut/Erth      39%        N/A       1%          2
 Dazzling Flash           Conj/Hex       100%       N/A       1%          3
 Frozen Ramparts          Ice            62%        1d10      1%          3
 Hailstorm                Conj/Ice       36%        3d9       1%          3
 Inner Flame              Hex/Fire       47%        N/A       1%          3
 Summon Guardian Golem    Hex/Summ       47%        N/A       1%          3
 Cigotuvi's Dreadful Rot  Necr/Pois/Air  32%        N/A       2%          2
 Poisonous Vapours        Pois/Air       32%        N/A       2%          2
 Mephitic Cloud           Conj/Pois/Air  25%        N/A       2%          3
 Silence                  Hex/Air        23%        N/A       3%          5
 Summon Mana Viper        Hex/Summ       47%        N/A       3%          5
 Call Canine Familiar     Summ           16%        N/A       4%          3
 Vampiric Draining        Necr           16%        2d7       4%          3
 Vhi's Electric Charge    Tloc/Air       32%        N/A       4%          3
 Summon Ice Beast         Ice/Summ       24%        N/A       8%          4
 Alistair's Intoxication  Tmut/Pois      22%        N/A       9%          5
 Freezing Cloud           Conj/Ice/Air   15%        6-21      13%         5
 Dispel Undead            Necr           16%        3d10      14%         4
 Olgreb's Toxic Radiance  Pois           16%        N/A       14%         4
 Arcjolt                  Conj/Air       14%        1d24      14%         5
 Borgnjor's Vile Clutch   Necr/Erth      14%        N/A       14%         5
 Agony                    Necr           16%        N/A       34%         5
 Eringya's Noxious Bog    Tmut/Pois      17%        N/A       43%         6
 Conjure Ball Lightning   Conj/Air       14%        3x3d6     56%         6
 Orb of Destruction       Conj           20%        9d8       80%         7
 Death Channel            Necr           8%         N/A       88%         6
 Plasma Beam              Fire/Air       8%         2x1d20    88%         6
 Monstrous Menagerie      Summ           8%         N/A       100%        7


Dungeon Overview and Level Annotations

Branches:
Dungeon (15/15)            Temple (1/1) D:6            Lair (5/5) D:10
  Swamp (4/4) Lair:2        Snake (0/4) Lair:2        Slime (0/5) Lair:5
    Orc (2/2) D:12            Elf (0/3) Orc:2        Vaults (0/5) D:14
 Depths (0/4) D:15         Bailey (visited)         Gauntlet (visited)

Altars:
Ashenzari
Cheibriados
Dithmenos
Elyvilon
Fedhas
Gozag
Hepliaklqana
Kikubaaqudgha
Makhleb
Nemelex Xobeh
Okawaru
Qazlal
Ru
Sif Muna
Trog
Uskayaw
Vehumet
Wu Jian
Xom
Yredelemnul
Zin
The Shining One

Shops:
D:9 [   Orc:2 ==[


Innate Abilities, Weirdness & Mutations

You are very small and have problems with some larger weapons.
You are too small for most types of armour.
You have supernaturally acute eyesight. (SInv)
You cover ground extremely quickly. (Speed+++)
You have a pair of small antennae on your head.


Message History

The six-headed hydra closely misses you.
The six-headed hydra completely misses you.
The six-headed hydra closely misses you.
The six-headed hydra bites you but does no damage.
Aiming: Shadow Step
Press: ? - help, Dir - move target, f - swamp worm, p - torpor snail
Aim: a swamp worm (moderately wounded, umbra)
You step into the swamp worm's shadow.
The trees move their gnarly branches around.
The swamp worm completely misses you.
Unknown command.
Okay, then.
Aiming: Shadow Step
Press: ? - help, Dir - move target, f/p - swamp worm
Aim: a swamp worm (moderately wounded, umbra)
You step into the swamp worm's shadow.
You feel roots moving beneath the ground.
The forest calms down.
The swamp worm barely misses you. The spriggan druid misses you.
The death drake closely misses you. The six-headed hydra barely misses you.
The six-headed hydra completely misses you.
The six-headed hydra misses you. The six-headed hydra barely misses you.
The six-headed hydra misses you. The six-headed hydra bites you.
* * * LOW HITPOINT WARNING * * *
The swamp worm bites you!!
* * * LOW HITPOINT WARNING * * *
You emit a cloud of dark smoke.
You feel better. The death drake bites you!
* * * LOW HITPOINT WARNING * * *
The spriggan druid closely misses you. The swamp worm closely misses you.
The six-headed hydra completely misses you. x3
The six-headed hydra bites you but does no damage.
The six-headed hydra misses you.
The six-headed hydra closely misses you.
The death drake bites you.
* * * LOW HITPOINT WARNING * * *
The spriggan druid closely misses you. The swamp worm closely misses you.
The six-headed hydra completely misses you.
The six-headed hydra bites you.
You die...

~~~~~~~~~~.........~~~~~~♣
PPP≈~..~~~~...≈≈≈≈....~~~♣
#P##~~.~~~..≈≈≈≈≈≈≈.♣~..♣♣
w #~~~..~.≈≈≈≈≈≈≈≈.~(..♣
##≈~~~.≈≈≈≈≈≈≈≈≈≈~~~~♣
#~~.†.≈≈≈≈≈≈≈≈≈.~~~~♣
##≈~♣..≈≈≈≈..≈≈≈§~~~.♣
#~~~~~♣.w§§.<....~~~~♣
##~~~~~.~i@k......~~~.♣
##~~~~~~..§Dw...~.....♣♣
~≈~~~~~...~~..~~~~.♣♣♣♣
~§~~~~§~~..~§~.~~~~~♣♣
?..~§~.~~..§~..~~§..~♣
.~~..^........§~~..~♣
~~.......♣♣~..~~.~♣♣♣
♣.....~~~~§~§~..♣...~
♣♣♣♣~♣~~~..~~.~♣.~~~~


You could see a death drake, a six-headed hydra, a torpor snail, a spriggan
druid and a swamp worm.

Vanquished Creatures
  Mara (Swamp:4)
  Jorgrun (Orc:1)
  Gastronok (D:10)
  A fenstrider witch (Swamp:2)
  Louise (D:14)
  The ghost of Babbit the Severer, a journeyman MiFi of Okawaru (D:12)
  3 ghouls (Swamp:1)
  The ghost of Egemog the Cleaver, a journeyman MiBe of Trog (Lair:4)
  6 eleionomae
  An ettin (D:12)
  4 bunyips
  Josephine (D:15)
  2 shambling mangroves
  4 vault guards
  6 centaur warriors
  10 hydras
  Harold (Orc:1)
  7 two-headed ogres
  A tengu warrior (D:13)
  7 alligators
  A ghost crab (Swamp:1)
  A catoblepas (Lair:5)
  3 death yaks
  3 boulder beetles
  5 orc high priests (Orc:2)
  A spriggan berserker (Swamp:1)
  Sonja (Orc:1)
  Nergalle (Orc:1)
  4 goliath frogs
  A death drake (shapeshifter) (D:15)
  6 swamp dragons
  The ghost of hellgot the Destroyer, a novice DsCj (D:6)
  9 bog bodies
  Pikel (D:5)
  4 deep elf pyromancers
  A necromancer (D:15)
  2 orc sorcerers (Orc:1)
  7 orc knights
  10 ugly things
  3 will-o-the-wisps
  A salamander (Lair:2)
  5 spectral spriggans (Swamp:1)
  4 cyclopes
  4 elephants
  A moth of wrath (D:8)
  3 manticores
  2 centaur zombies (D:11)
  3 naga magi (D:15)
  A molten gargoyle (Lair:5)
  4 black mambas
  2 gargoyles
  2 torpor snails
  23 cane toads
  3 centaur skeletons
  The ghost of 0gre the Chiller, a novice GnIE (D:8)
  A komodo dragon (shapeshifter) (D:10)
  2 rime drakes
  6 kobold demonologists
  2 unseen horrors
  3 freezing wraiths (Swamp:1)
  12 komodo dragons
  3 yaktaurs (D:15)
  An efreet (D:14)
  2 tengu conjurers (D:15)
  3 polar bears
  2 burning bushes (Lair:4)
  6 bloated husks
  3 meliai (D:13)
  10 trolls
  8 hornets
  20 blink frogs
  A harpy skeleton (D:15)
  13 tyrant leeches
  A spectral meliai (D:11)
  A meliai zombie (D:11)
  Sigmund (D:3)
  A dancing weapon (Orc:2)
  5 water elementals
  7 spriggans
  6 slime creatures
  9 wraiths
  2 vampires
  62 yaks
  5 wyverns
  4 basilisks
  27 vampire mosquitoes
  A steam dragon (Bailey)
  A warg (Orc:1)
  8 swamp worms
  5 acid dragons
  10 water moccasins
  20 orc warriors
  3 swamp drakes
  2 ice beasts
  4 sky beasts (D:8)
  10 black bears
  A boggart (D:14)
  18 centaurs
  4 wolves (Lair:3)
  9 ogres
  2 phantoms (D:5)
  8 kobold brigands
  The ghost of Vahgon the Sneak, an amateur SpBr (D:3)
  17 bullfrogs
  A gnoll sergeant (D:8)
  3 scorpions
  9 wights
  3 killer bees
  The ghost of hawla the Firebug, a weakling MeFE (D:3)
  10 electric eels
  5 howler monkeys
  2 jellies
  4 lava snakes
  3 quasits (D:6)
  3 gnoll boudas
  26 orc priests
  5 hounds
  Crazy Yiuf (D:5)
  Ijyb (D:3)
  7 hell rats
  18 orc wizards
  An iguana (D:6)
  2 sleepcaps
  A boggart skeleton (D:15)
  13 adders
  7 gnolls
  3 shadow imps
  A white imp (D:6)
  2 worms
  4 dart slugs
  74 orcs
  8 endoplasms
  4 giant cockroaches
  11 goblins
  9 hobgoblins
  28 kobolds
  4 quokkas
  14 ball pythons
  2 bats
  7 frilled lizards
  A rat (D:2)
835 creatures vanquished.

Vanquished Creatures (collateral kills)
  A centaur warrior (D:15)
  A two-headed ogre (D:14)
  A tengu warrior (D:14)
  An orc knight (Orc:2)
  2 yaktaurs (D:15)
  A spriggan (Bailey)
  An ogre (Bailey)
  8 orc warriors
  6 wights
  3 killer bees (D:9)
  An orc priest (Orc:2)
  2 orc wizards
  2 gnolls (D:8)
  13 orcs
  A goblin (D:7)
44 creatures vanquished.

Vanquished Creatures (others)
  A spriggan (Bailey)
  15 dancing weapons
  A sleepcap (D:5)
  An orc (Orc:2)
  4 foxfires
22 creatures vanquished.

Grand Total: 901 creatures vanquished

Notes
Turn   | Place    | Note
-------+----------+-------------------------------------------
     0 | D:1      | LynnLen the Spriggan Enchanter began the quest for the Orb.
     0 | D:1      | Reached XP level 1. HP: 9/9 MP: 5/5
   461 | D:1      | Reached XP level 2. HP: 7/13 MP: 6/6
   494 | D:1      | Learned a level 2 spell: Ensorcelled Hibernation
  1034 | D:1      | Reached XP level 3. HP: 17/17 MP: 8/8
  1048 | D:1      | Learned a level 3 spell: Confusing Touch
  1675 | D:2      | Identified the +7 mace "Xibra" {drain, Int+6}
  1941 | D:2      | Reached XP level 4. HP: 21/21 MP: 9/9
  2448 | D:2      | Reached skill level 5 in Stealth
  2550 | D:2      | Reached skill level 1 in Ice Magic
  2691 | D:3      | Reached XP level 5. HP: 25/25 MP: 7/10
  2701 | D:3      | Learned a level 3 spell: Tukima's Dance
  2726 | D:3      | Noticed Ijyb
  2737 | D:3      | HP: 1/25 [constriction (5)]
  2740 | D:3      | Killed Ijyb
  2741 | D:3      | Reached skill level 1 in Fighting
  3068 | D:3      | Noticed Sigmund
  3101 | D:3      | Killed Sigmund
  3102 | D:3      | Reached skill level 5 in Hexes
  3102 | D:3      | Reached XP level 6. HP: 30/30 MP: 12/12
  3113 | D:3      | You fall into a shaft and drop 2 floors!
  3113 | D:5      | Entered Level 5 of the Dungeon
  3870 | D:3      | Found a runed translucent gate.
  3870 | D:3      | Found a runed translucent gate.
  3870 | D:3      | Found a runed translucent gate.
  3872 | D:3      | Noticed hawla's ghost (weakling MeFE)
  3872 | D:3      | Noticed Vahgon's ghost (amateur SpBr)
  4332 | D:4      | Reached XP level 7. HP: 29/33 MP: 14/14
  4786 | D:4      | Reached skill level 6 in Stealth
  5621 | D:4      | Learned a level 3 spell: Stone Arrow
  6260 | D:5      | Reached XP level 8. HP: 39/39 MP: 15/15
  6296 | D:5      | Noticed Pikel
  6546 | D:5      | Reached skill level 5 in Dodging
  6584 | D:5      | Killed Pikel
  6585 | D:5      | Reached skill level 5 in Short Blades
  6585 | D:5      | Reached skill level 7 in Stealth
  6585 | D:5      | Reached skill level 5 in Spellcasting
  6979 | D:5      | Found a runed translucent door.
  6980 | D:5      | Noticed Crazy Yiuf
  6989 | D:5      | Killed Crazy Yiuf
  7161 | D:6      | Found a staircase to the Ecumenical Temple.
  7171 | Temple   | Entered the Ecumenical Temple
  7300 | Temple   | Became a worshipper of Dithmenos the Shadowed
  7510 | D:6      | Reached XP level 9. HP: 43/43 MP: 18/18
  7573 | D:6      | Found a transporter.
  7578 | D:6      | Noticed hellgot's ghost (novice DsCj)
  7593 | D:6      | Found a transporter.
  8275 | D:6      | Learned a level 7 spell: Enfeeble
  8411 | D:7      | Found a flagged portal.
  8416 | Bailey   | Entered a bailey
  8488 | Bailey   | Reached skill level 8 in Stealth
  8693 | Bailey   | Reached * piety under Dithmenos
  8705 | Bailey   | Noticed a two-headed ogre
  8787 | Bailey   | Killed a two-headed ogre
  8903 | Bailey   | Reached skill level 9 in Stealth
  8978 | Bailey   | Reached XP level 10. HP: 45/49 MP: 21/21
  9026 | Bailey   | Identified the +9 longbow "LynnLen's Regret" {drain, rC-
                  | rCorr Dex+4}
  9032 | Bailey   | Identified the +2 great sword of the Valley of Death
                  | {flame, rC- Int+5 Dex+3 Stlth+}
  9974 | D:8      | Noticed a white ugly thing
 10093 | D:8      | Found a transporter.
 10231 | D:8      | Found a transporter.
 10235 | D:8      | Found a bloodstained altar of Trog.
 10235 | D:8      | Noticed 0gre's ghost (novice GnIE)
 10247 | D:8      | Noticed a moth of wrath
 10397 | D:8      | Found a bloodstained altar of Trog.
 10412 | D:8      | Reached skill level 1 in Earth Magic
 10544 | D:8      | Reached skill level 10 in Stealth
 10544 | D:8      | Reached skill level 1 in Conjurations
 10799 | D:8      | Noticed a two-headed ogre
 10815 | D:8      | Killed a two-headed ogre
 11204 | D:8      | Reached ** piety under Dithmenos
 11744 | D:8      | Reached skill level 11 in Stealth
 11886 | D:8      | Reached skill level 1 in Invocations
 12004 | D:8      | Reached XP level 11. HP: 36/54 MP: 8/23
 12378 | D:8      | Learned a level 5 spell: Yara's Violent Unravelling
 12409 | D:8      | Killed a white ugly thing
 12479 | D:9      | Found Royblib's Antique Armour Boutique.
 12496 | D:9      | Bought an embroidered robe for 77 gold pieces
 12888 | D:9      | Reached *** piety under Dithmenos
 13248 | D:9      | Reached skill level 5 in Fighting
 13512 | D:10     | Entered Level 10 of the Dungeon
 13620 | D:10     | Reached skill level 12 in Stealth
 13835 | D:10     | Found a staircase to the Lair.
 13862 | D:10     | Noticed Gastronok
 13868 | D:10     | Killed Gastronok
 13869 | D:10     | Reached skill level 10 in Short Blades
 14013 | D:10     | Noticed a centaur warrior
 14028 | D:10     | Killed a centaur warrior
 14029 | D:10     | Reached skill level 13 in Stealth
 14456 | D:10     | Reached **** piety under Dithmenos
 14474 | D:10     | Reached XP level 12. HP: 53/60 MP: 11/25
 15015 | Lair:1   | Entered Level 1 of the Lair of Beasts
 15315 | Lair:1   | Reached skill level 10 in Dodging
 15394 | Lair:1   | Reached skill level 14 in Stealth
 16390 | Lair:2   | Found a staircase to the Swamp.
 16407 | Lair:2   | HP: 1/61 [bog body (16)]
 16727 | Lair:2   | Reached skill level 15 in Stealth
 17356 | Lair:2   | Found a staircase to the Snake Pit.
 17623 | Lair:3   | Reached skill level 5 in Earth Magic
 17646 | Lair:2   | Reached ***** piety under Dithmenos
 17949 | Lair:3   | Noticed a six-headed hydra
 17963 | Lair:3   | Noticed a boulder beetle
 17964 | Lair:3   | Killed a six-headed hydra
 17965 | Lair:3   | Reached XP level 13. HP: 65/65 MP: 27/27
 17981 | Lair:3   | Reached skill level 5 in Invocations
 18679 | Lair:3   | Reached skill level 16 in Stealth
 18712 | Lair:3   | Reached skill level 10 in Spellcasting
 19110 | Lair:4   | You fall into a shaft and drop 1 floor!
 19110 | Lair:5   | Entered Level 5 of the Lair of Beasts
 19765 | Lair:4   | Found a runed translucent door.
 19767 | Lair:4   | Noticed Egemog's ghost (journeyman MiBe)
 20216 | Lair:5   | Found a staircase to the Slime Pits.
 20271 | Lair:4   | Reached skill level 5 in Conjurations
 20618 | Lair:4   | Reached skill level 1 in Transmutations
 20620 | Lair:4   | Reached skill level 17 in Stealth
 21431 | Lair:5   | Reached XP level 14. HP: 72/72 MP: 29/29
 22078 | Lair:5   | Found a shimmering blue altar of Sif Muna.
 22780 | Lair:5   | Reached skill level 18 in Stealth
 22959 | Lair:5   | Reached ****** piety under Dithmenos
 23003 | Lair:5   | Identified the +2 pair of boots of Orephie {rF++ rCorr
                  | MP+9}
 25720 | D:12     | Reached skill level 5 in Transmutations
 26064 | D:12     | Found the +2 ratskin cloak {*Rats rPois rN+ Str-1 Int-1
                  | Dex+1}
 26095 | D:12     | Found a staircase to the Orcish Mines.
 26599 | Orc:1    | Entered Level 1 of the Orcish Mines
 26634 | Orc:1    | Found a runed translucent gate.
 26635 | Orc:1    | Found a runed translucent gate.
 26636 | Orc:1    | Found a runed translucent gate.
 26638 | Orc:1    | Noticed Babbit's ghost (journeyman MiFi)
 26659 | Orc:1    | Noticed Nergalle
 26664 | Orc:1    | Found the +9 sword of Zonguldrok {reap}
 26669 | Orc:1    | Killed Nergalle
 26847 | D:12     | Gained mutation: Your flesh is heat resistant. (rF+)
                  | [potion of mutation]
 26847 | D:12     | Gained mutation: Your movements are slightly less
                  | encumbered by armour. (ER -2) [potion of mutation]
 26847 | D:12     | Gained mutation: You passively map a small area around you.
                  | [potion of mutation]
 26848 | D:12     | Lost mutation: You passively map a small area around you.
                  | [potion of mutation]
 26848 | D:12     | Lost mutation: Your flesh is heat resistant. (rF+) [potion
                  | of mutation]
 26848 | D:12     | Gained mutation: Your muscles are strong. (Str +4, Int/Dex
                  | -1) [potion of mutation]
 26852 | D:12     | Lost mutation: Your muscles are strong. (Str +4, Int/Dex
                  | -1) [potion of mutation]
 26852 | D:12     | Lost mutation: Your movements are slightly less encumbered
                  | by armour. (ER -2) [potion of mutation]
 26852 | D:12     | Gained mutation: You do not regenerate when monsters are
                  | visible. [potion of mutation]
 26852 | D:12     | Lost mutation: You do not regenerate when monsters are
                  | visible. [potion of mutation]
 26852 | D:12     | Gained mutation: You have a pair of small antennae on your
                  | head. [potion of mutation]
 27304 | Orc:1    | Noticed Sonja
 27306 | Orc:1    | Killed Sonja
 27307 | Orc:1    | Reached skill level 19 in Stealth
 27474 | Orc:2    | Entered Level 2 of the Orcish Mines
 27646 | Orc:2    | Found a staircase to the Elven Halls.
 28591 | Orc:1    | Noticed Harold
 28591 | Orc:1    | Noticed Jorgrun
 28594 | Orc:1    | Killed Harold
 29281 | Orc:1    | Killed Jorgrun
 29914 | Orc:2    | Reached XP level 15. HP: 77/77 MP: 10/31
 30550 | Orc:2    | Found Asiul's Distillery.
 30550 | Orc:2    | Found Agylluu's Armour Shoppe.
 30551 | Orc:2    | Found Xomutups's Jewellery Emporium.
 30551 | Orc:2    | Found Ymeinkad's Jewellery Shoppe.
 30598 | Orc:2    | Bought a potion of curing for 42 gold pieces
 30598 | Orc:2    | Bought a potion of degeneration for 14 gold pieces
 30598 | Orc:2    | Bought a potion of flight for 42 gold pieces
 30598 | Orc:2    | Bought a potion of curing for 42 gold pieces
 30598 | Orc:2    | Bought a potion of brilliance for 56 gold pieces
 30598 | Orc:2    | Bought a potion of curing for 42 gold pieces
 30598 | Orc:2    | Bought a potion of heal wounds for 70 gold pieces
 30598 | Orc:2    | Bought a potion of ambrosia for 112 gold pieces
 30598 | Orc:2    | Bought a potion of magic for 112 gold pieces
 30607 | Orc:2    | Bought a ring of wizardry for 510 gold pieces
 31662 | D:12     | Killed Babbit's ghost
 31663 | D:12     | Reached skill level 10 in Hexes
 31781 | D:13     | Found a gate leading to a gauntlet.
 31795 | Gauntlet | Entered a Gauntlet
 31795 | Gauntlet | Found a transporter.
 31795 | Gauntlet | Found a transporter.
 31807 | Gauntlet | Found a transporter.
 31812 | Gauntlet | Found a transporter.
 31877 | Gauntlet | Found a transporter.
 31881 | Gauntlet | Found a transporter.
 31891 | Gauntlet | Found a transporter.
 31915 | Gauntlet | Found a transporter.
 31921 | Gauntlet | Found a transporter.
 31929 | Gauntlet | Found a transporter.
 31947 | Gauntlet | Found a transporter.
 31955 | Gauntlet | Found a transporter.
 32006 | D:13     | Learned a level 5 spell: Iskenderun's Battlesphere
 32860 | D:13     | Reached skill level 1 in Long Blades
 33364 | D:14     | Reached skill level 20 in Stealth
 33940 | D:14     | Noticed Louise
 33946 | D:14     | Killed Louise
 34133 | D:14     | Identified the +6 sling "Tixtih" {elec, rC+ Str+2 Dex+4}
 35083 | D:14     | Found a gate to the Vaults.
 36192 | D:15     | Entered Level 15 of the Dungeon
 37086 | D:15     | Found a staircase to the Depths.
 37374 | D:15     | Noticed Josephine
 37427 | D:15     | Killed Josephine
 38177 | Swamp:1  | Entered Level 1 of the Swamp
 38256 | Swamp:1  | Reached skill level 21 in Stealth
 38327 | Swamp:1  | Reached XP level 16. HP: 79/83 MP: 28/33
 42354 | D:3      | Killed hawla's ghost
 42356 | D:3      | Killed Vahgon's ghost
 42518 | D:6      | Killed hellgot's ghost
 42733 | D:8      | Killed 0gre's ghost
 43201 | Lair:4   | Killed Egemog's ghost
 44089 | Swamp:2  | Learned a level 5 spell: Fireball
 44571 | Swamp:2  | Reached skill level 22 in Stealth
 45746 | Swamp:4  | Entered Level 4 of the Swamp
 45751 | Swamp:4  | Noticed Mara
 45769 | Swamp:4  | Killed Mara
 45915 | Swamp:4  | HP: 4/84 [swamp worm[a spriggan druid] (19)]
 45916 | Swamp:4  | Slain by a six-headed hydra

Illustrated notes

Levels and vault maps discovered:
D:1:      spicycebolla_green_bress_n_ham, layout_loops_corners
D:2:      layout_loops_ring, minmay_snake_closets
D:3:      layout_loops_ring, gammafunk_ghost_cemetery, uniq_sigmund, uniq_ijyb
D:4:      layout_basic, sigmund_army
D:5:      layout_basic, serial_park_tiny_2, uniq_pikel, uniq_crazy_yiuf_cottage
D:6:      layout_basic, minmay_temple_entry_slanted, gammafunk_ghost_stat_death
D:7:      layout_cave_pods, enter_bailey_3, grunt_decor_fettered
D:8:      minmay_bubble_buster, layout_basic, trog_ov_bears_minmay,
          gammafunk_ghost_wrathful_warriors, minivault_1
D:9:      layout_cave_pools, serial_shops, shop
D:10:     layout_roguey, grunt_lair_entry_orc_guard_hut,
          minmay_misc_feat_plants, nzn_random_ring, uniq_gastronok
D:11:     layout_basic, serial_glass, glass_columns_b, glass_columns_b,
          hangedman_weighted_door
D:12:     layout_irregular_city, minmay_orc_entry_temple_small
D:13:     layout_layer_cave, gauntlet_entry_generic
D:14:     layout_basic, lightli_vaults_fourway_checkpoint, dk_noncrumbling_2,
          uniq_louise
D:15:     grunt_enter_depths_magical_seal, layout_loops_ring,
          chequers_serial_rivers_marsh, uniq_josephine
Temple:   mainiacjoe_temple_archimedes_tessellation
Lair:1:   layout_chaotic_city, grunt_megastairs_3
Lair:2:   layout_layer_cave, skrybe_swamp_entry_bodies,
          nicolae_snake_entry_warm_welcome
Lair:3:   layout_long_grid, infiniplex_staircase_pool_2, grunt_megastairs_5
Lair:4:   layout_cave_pods, gammafunk_ghost_grave, evilmike_ambush
          [evilmike_ambush_outer_basic, evilmike_ambush_inner_cross]
Lair:5:   minmay_lair_end_frog_pond, layout_gridlike, slime_entry_1,
          basic_altar, chequers_serial_rivers_micro_c, minmay_hedge_maze,
          chequers_serial_rivers_large_b, lookout_lair_type,
          chequers_serial_rivers_micro_b, pond
Swamp:1:  nicolae_swamp_flooded_prison, layout_basic_swamp,
          evilmike_swamp_ruin_house_1, swamp_pool2, hangedman_swamp_lotus
Swamp:2:  layout_basic_swamp, evilmike_swamp_ruin_house_4
Swamp:3:  nicolae_swamp_wrong_neighborhood, layout_falls_marsh,
          evilmike_swamp_ruin_house_2
Swamp:4:  swamp_pestilence, layout_basic_swamp, swamp_pool2, worms_lemuel,
          infiniplex_staircase_pool, uniq_aizul, uniq_mara
Orc:1:    layout_diamond_mine, gammafunk_ghost_split, uniq_sonja, uniq_harold,
          uniq_jorgrun, uniq_nergalle
Orc:2:    st_orc_pillars, layout_caves

Skill      XL: |  1  2  3  4  5  6  7  8  9 10 11 12 13 14 15 16 |
---------------+-------------------------------------------------+-----
Hexes          | 4 5 6 7 8 9 10 12 | 12.4
Dodging        | 3 4 5 7 8 9 10 11 13 14 | 14.9
Short Blades   | 2 3 4 6 8 9 10 | 10.0
Spellcasting   | 3 4 5 6 7 8 9 10 11 12 13 | 13.5
Stealth        | 5 6 7 9 11 13 15 17 19 21 22 | 22.4
Ice Magic      | 1 2 3 |  3.0
Fighting       | 1 2 4 5 6 7 8 9 |  9.5
Earth Magic    | 2 3 5 |  5.0
Conjurations   | 1 3 4 5 |  5.0
Invocations    | 1 3 4 6 7 8 9 |  9.7
Transmutations | 2 6 7 |  7.0
Long Blades    | 2 4 |  4.3

Action                     |  1- 3 |  4- 6 |  7- 9 | 10-12 | 13-15 | 16-18 || total
---------------------------+-------+-------+-------+-------+-------+-------++-------
  Melee: Dagger            |    81 |   147 |   242 |   724 |  1259 |    85 ||  2538
         Punch             |       |       |     3 |    13 |    20 |       ||    36
  Throw: Dart              |       |       |       |     2 |     1 |       ||     3
   Cast: Ensorcelled Hiber |     8 |    31 |    50 |   145 |   204 |    31 ||   469
         Confusing Touch   |       |       |    11 |    44 |    82 |     3 ||   140
         Tukima's Dance    |       |       |    16 |    33 |    93 |       ||   142
         Stone Arrow       |       |       |       |     4 |   156 |   179 ||   339
         Yara's Violent Un |       |       |       |       |    30 |     5 ||    35
         Iskenderun's Batt |       |       |       |       |     4 |    10 ||    14
         Fireball          |       |       |       |       |       |     1 ||     1
 Invoke: Shadow Step       |       |       |       |       |     8 |     3 ||    11
         Shadow Form       |       |       |       |       |     1 |       ||     1
  Evoke: Wand              |       |     1 |       |       |    10 |       ||    11
    Use: Scroll            |     3 |     2 |     9 |    17 |    12 |     5 ||    48
         Potion            |       |     4 |     3 |     2 |     9 |     2 ||    20
   Stab: Sleeping          |    17 |    27 |    43 |   118 |   165 |    45 ||   415
         Confused          |       |       |     9 |    38 |    85 |     2 ||   134
         Distracted        |       |       |     2 |     4 |     7 |       ||    13
 Armour: Robe              |    10 |    13 |    14 |       |       |       ||    37
         Steam dragon scal |       |       |       |    42 |   107 |     8 ||   157
  Dodge: Dodged            |    55 |    86 |   147 |   566 |  1237 |   161 ||  2252
